 Dungeon Sprint DCSS version 0.28-a0-422-gd71735cc25 (webtiles) character file.

Game seed: 9582006843300548705

4 Zeld the Chopper (level 1, -2/21 HPs)
             Began as a Deep Dwarf Monk on Sept 9, 2021.
             Was a Believer of Makhleb.
             Slain by a scorpion (8 damage)
             ... in the Dungeon (Sprint VII: "The Pits").
             The game lasted 00:00:35 (177 turns).

Zeld the Chopper (Deep Dwarf Monk)                   Turns: 177, Time: 00:00:36

Health: -2/21      AC:  2    Str: 14    XL:     1   Next: 58%
Magic:  1/1        EV: 13    Int: 10    God:    Makhleb [**....]
Gold:   0          SH:  0    Dex: 15    Spells: 0/0 levels left

rFire   . . .      SeeInvis .   a - +2 hand axe
rCold   . . .      Faith    .   (no shield)
rNeg    . . .      Spirit   .   b - +0 robe
rPois   .          Reflect  .   (no helmet)
rElec   .          Harm     .   (no cloak)
rCorr   .          Rampage  .   (no gloves)
Will    .....      NoTele   +   (no boots)
Stlth   ++........              (no amulet)
HPRegen 0.00/turn               (no ring)
MPRegen 0.07/turn               (no ring)

@: no status effects
A: damage resistance, heal wounds, sense surroundings 1, no regeneration
a: Heal Wounds, Renounce Religion, Minor Destruction


You were in the Dungeon.
You worshipped Makhleb.
Makhleb was pleased with you.
You visited 1 branch

Inventory:

Hand Weapons
 a - a +2 hand axe (weapon)
Armour
 b - a +0 robe (worn)
Scrolls
 h - a scroll of blinking
Potions
 c - a potion of curing
 d - a potion of heal wounds
 e - a potion of haste
 f - 4 potions of magic
 g - 3 potions of berserk rage
 i - 2 potions of invisibility


   Skills:
 * Level 3.2 Fighting
 * Level 3.9 Axes
 + Level 1.1 Armour
 + Level 3.6 Dodging
 - Level 2.4 Stealth


You couldn't memorise any spells.
You didn't know any spells.
Your spell library was empty.

Dungeon Overview and Level Annotations

Branches:
Dungeon (1/1)

Altars:
Ashenzari
Cheibriados
Dithmenos
Elyvilon
Fedhas
Gozag
Hepliaklqana
Kikubaaqudgha
Makhleb
Nemelex Xobeh
Okawaru
Qazlal
Ru
Sif Muna
Trog
Uskayaw
Vehumet
Wu Jian
Xom
Yredelemnul
Zin
The Shining One
Beogh
Jiyva
Lugonu


Innate Abilities, Weirdness & Mutations

You are resistant to damage.
You can heal yourself by infusing magical energy.
You passively map a small area around you.
You do not regenerate.


Message History

You hit the adder zombie. The adder zombie closely misses you.
The scorpion stings you. The adder zombie barely misses you.
You closely miss the scorpion.
The scorpion is moderately wounded.
You hit the adder zombie. The scorpion stings you! The adder zombie bites you.
The scorpion misses you.
You hit the scorpion.
The scorpion is heavily wounded.
You barely miss the adder zombie. The adder zombie misses you.
The scorpion misses you.
You hit the scorpion but do no damage.
The scorpion is heavily wounded.
You hit the adder zombie. The adder zombie barely misses you.
The scorpion barely misses you.
You barely miss the scorpion.
The scorpion is heavily wounded.
You hit the adder zombie. The scorpion misses you. The adder zombie bites you.
The scorpion stings you. The adder zombie misses you.
You hit the scorpion.
The scorpion is heavily wounded.
You hit the adder zombie. The scorpion misses you.
The adder zombie barely misses you.
You hit the scorpion.
The scorpion is severely wounded.
You hit the adder zombie.
You destroy the adder zombie!
Makhleb accepts your kill.
You feel better. The scorpion stings you.
* * * LOW HITPOINT WARNING * * *
Your Fighting skill increases to level 3!
Your Armour skill increases to level 1!
You hit the scorpion.
The scorpion is almost dead.
The scorpion barely misses you.
The scorpion stings you but does no damage.
Unknown command.
You closely miss the scorpion.
The scorpion is almost dead.
The scorpion stings you!
You die...

############ , ,
#_________.# ,
#_________.# **
#_______...###########++
##########'##...........
#.?(.')))'.##......#..#
##########.##..........
#..........)'...........
#+#####@#####......#..#.
, #.s#, #...........
+..#, ####'#####+ * ####
*#.......# + , ,
*#.......#*, ,
*#.......# * * #...<...#
*, , , #.......# ,
#.......#


You could see a scorpion.

Vanquished Creatures
  An adder zombie (D)
  A kobold (D)
2 creatures vanquished.

Notes
Turn   | Place    | Note
-------+----------+-------------------------------------------
     0 | D        | Zeld the Deep Dwarf Monk began the quest for the Orb.
     0 | D        | Reached XP level 1. HP: 20/20 MP: 1/1
    16 | D        | Found a bloodstained altar of Trog.
    16 | D        | Found a shimmering blue altar of Sif Muna.
    16 | D        | Found a viscous altar of Jiyva.
    16 | D        | Found a hazy altar of Hepliaklqana.
    16 | D        | Found an opulent altar of Gozag.
    17 | D        | Found a glowing golden altar of the Shining One.
    17 | D        | Found a glowing silver altar of Zin.
    17 | D        | Found a basalt altar of Yredelemnul.
    17 | D        | Found a shimmering altar of Xom.
    17 | D        | Found an ornate altar of the Wu Jian Council.
    17 | D        | Found a sacrificial altar of Ru.
    17 | D        | Found a stormy altar of Qazlal.
    17 | D        | Found an iron altar of Okawaru.
    17 | D        | Found a sparkling altar of Nemelex Xobeh.
    17 | D        | Found a burning altar of Makhleb.
    17 | D        | Found a blossoming altar of Fedhas.
    17 | D        | Found a white marble altar of Elyvilon.
    17 | D        | Found a shadowy altar of Dithmenos.
    17 | D        | Found a snail-covered altar of Cheibriados.
    18 | D        | Found a radiant altar of Vehumet.
    18 | D        | Found a corrupted altar of Lugonu.
    19 | D        | Found a hide-covered altar of Uskayaw.
    19 | D        | Found an ancient bone altar of Kikubaaqudgha.
    19 | D        | Found a broken altar of Ashenzari.
    25 | D        | Became a worshipper of Makhleb the Destroyer
    25 | D        | Reached * piety under Makhleb
    25 | D        | Reached ** piety under Makhleb
   165 | D        | Noticed a scorpion
   176 | D        | Reached skill level 1 in Armour
   177 | D        | Slain by a scorpion

Illustrated notes

Levels and vault maps discovered:
D:        pitsprint [storerooms_1, entrance_room_1, metal_vault_5, armoury_2,
          mini_pit_1, grid_room_1, main_hall_1, silver_pit, the_coven_2,
          the_vestibule_1, steel_vault_3, golden_pit, hallway_of_sentries,
          crystal_vault_5, iron_vault_1, final_vault]

Skill      XL: |  1 |
---------------+----+-----
Fighting       | 3 |  3.2
Armour         | 1 |  1.1
Axes           | |  3.9
Dodging        | |  3.6
Stealth        | |  2.4

Action                   || total
-------------------------++-------
Melee: Hand axe          ||    13
Armor: Robe              ||     1
Dodge: Dodged            ||    15

Table legend: (Time is in decaauts)
 A = Elapsed time spent in this place.
 B = Non-inter-level travel time spent in this place.
 C = Inter-level travel time spent in this place.
 D = Time resting spent in this place.
 E = Time spent auto-exploring this place.
 F = Levels seen in this place.
 G = Mean time per level.
                   A        B        C        D        E       F      G
               +--------+--------+--------+--------+--------+-----+--------+
         Total |    177 |    177 |      0 |    100 |      0 |   1 |  177.0 |
       Dungeon |    177 |    177 |      0 |    100 |      0 |   1 |  177.0 |
               +--------+--------+--------+--------+--------+-----+--------+

Top non-repeatable levels by time:
       D: 177 daAuts
